 Dungeon Crawl Stone Soup version 0.28-a0-1184-g53156a8862 (webtiles) character file.

Game seed: 16444368312241817419

30 enile the Ducker (level 3, -2/29 HPs)
             Began as a Merfolk Gladiator on Dec 17, 2021.
             Slain by a goblin (3 damage)
             ... led by Robin
             ... on level 2 of the Dungeon.
             The game lasted 00:02:24 (1519 turns).

enile the Ducker (Merfolk Gladiator)                Turns: 1519, Time: 00:02:25

Health: -2/29      AC:  4    Str: 14    XL:     3   Next: 18%
Magic:  3/3        EV: 14    Int:  7    God:
Gold:   23         SH:  0    Dex: 17    Spells: 2/2 levels left

rFire   . . .      SeeInvis .   a - +0 trident
rCold   . . .      Faith    .   (no shield)
rNeg    . . .      Spirit   .   b - +0 leather armour
rPois   .          Reflect  .   c - +0 helmet
rElec   .          Harm     .   (no cloak)
rCorr   .          Rampage  .   (no gloves)
Will    .....                   (no boots)
Stlth   +.........              (no amulet)
HPRegen 0.09/turn               (no ring)
MPRegen 0.08/turn               (no ring)

@: no status effects
A: (nimble swimmer 2), mertail
a: no special abilities


You were on level 2 of the Dungeon.
You visited 1 branch of the dungeon, and saw 2 of its levels.

You collected 23 gold pieces.

Inventory:

Hand Weapons
 a - a +0 trident (weapon)
Missiles
 d - 2 throwing nets (quivered)
Armour
 b - a +0 leather armour (worn)
 c - a +0 helmet (worn)
 h - a +0 plate armour
 j - a +0 ring mail
Scrolls
 e - a scroll of enchant armour {unknown}
 f - a scroll of enchant weapon {unknown}
 i - a scroll of teleportation {unknown}
Potions
 g - a potion of berserk rage {unknown}


   Skills:
 - Level 3.0 Fighting
 + Level 4.5 Polearms
 - Level 2.0 Throwing
 - Level 5.0 Dodging


You had 2 spell levels left.
You didn't know any spells.
Your spell library contained the following spells:

 Spells                   Type           Power      Damage    Failure   Level
 Sandblast                Erth           0%         2d4       52%         1
 Passwall                 Tmut/Erth      0%         N/A       65%         2
 Stone Arrow              Conj/Erth      0%         3d7       87%         3


Dungeon Overview and Level Annotations

Branches:
Dungeon (2/15)

Altars:

Annotations:
D:2 Robin, Terence


Innate Abilities, Weirdness & Mutations

((You are quick and stealthy near water. (Stealth+, EV+, Speed+++)))
Your lower body shifts to a powerful aquatic tail in water.


Message History

You hit the goblin.
The goblin is heavily wounded.
The goblin barely misses you. The goblin hits you with a +0 dagger.
Robin roars a battlecry!
The goblin goes into a battle-frenzy!
You hear a shout!
You hear a bark!
You hit the goblin.
You kill the goblin!
A jackal comes into view.
The goblin hits you but does no damage.
Terence the Incautious comes into view.
He is wielding a +0 flail and carrying a wand of polymorph (9).
Robin hits you from afar with a +0 spear.
* * * LOW HITPOINT WARNING * * *
There is a faded altar of an unknown god, spattered with blood here.
Things that are here:
a +0 club; a +0 dagger You barely miss the goblin.
The goblin hits you with a +0 dagger.
* * * LOW HITPOINT WARNING * * *
Robin hits you from afar with a +0 spear.
* * * LOW HITPOINT WARNING * * *
Robin throws the goblin at you! The goblin hits you but does no damage.
You completely miss the goblin. The goblin closely misses you.
Robin says, "Bow before me, strongest of all the hobgoblins!"
Robin throws the goblin at you! The goblin closely misses you.
The goblin completely misses you.
You puncture the goblin!
You kill the goblin!
The goblin hits you with a +0 club.
* * * LOW HITPOINT WARNING * * *
The goblin barely misses you.
Throw: 3 throwing nets
Press: ? - help, Q - select action Shift-Dir - straight line, f - Robin
Aim: Robin, wielding a +0 spear, wearing a +0 animal skin and wearing a +0 helmet (69% to hit)
You throw a throwing net. The throwing net hits Robin.
Robin is caught in the net!
Robin roars a battlecry!
The goblin goes into a battle-frenzy!
Robin struggles against the net.
The goblin barely misses you. The goblin hits you with a +0 dagger.
You die...

.. ########## ..
.........#
#.##########.#
...#########.#
.#..##.......#
.†).##.#####.#
#.#.......##.#####
#.####.........gg#
..####..#.##.###@#
........#.##.# #_#
#######.# ##.# #g#
.# #.# #h# .# #..


.gg .# ###.#..# #@#..# ###### # #..# ....<# #..# You could see Robin (caught), a
jackal and 4 goblins.

Vanquished Creatures
  2 ball pythons (D:1)
  2 endoplasms (D:1)
  A giant cockroach (D:1)
  3 kobolds (D:1)
  A quokka (D:2)
  3 bats (D:1)
  2 frilled lizards (D:1)
  9 goblins
  6 rats (D:1)
29 creatures vanquished.

Notes
Turn   | Place    | Note
-------+----------+-------------------------------------------
     0 | D:1      | enile the Merfolk Gladiator began the quest for the Orb.
     0 | D:1      | Reached XP level 1. HP: 16/16 MP: 1/1
   328 | D:1      | Reached XP level 2. HP: 19/23 MP: 2/2
  1497 | D:2      | Found a faded altar of an unknown god.
  1500 | D:2      | Noticed Robin
  1502 | D:2      | Reached XP level 3. HP: 29/29 MP: 3/3
  1511 | D:2      | Reached skill level 5 in Dodging
  1513 | D:2      | Noticed Terence
  1518 | D:2      | HP: 1/29 [goblin[Robin] (5)]
  1519 | D:2      | Slain by a goblin

Illustrated notes

Levels and vault maps discovered:
D:1:      dpeg_arrival_pits, layout_basic, serial_corexii_hall,
          corexii_hall_statues_s, chequers_hall_statues_wall_a
D:2:      layout_loops_ring, basic_ecumenical_altar, minmay_split_cup_large,
          uniq_terence, uniq_robin, uniq_crazy_yiuf_cottage

Skill      XL: |  1  2  3 |
---------------+----------+-----
Fighting       | 3 |  3.0
Dodging        | 5 |  5.0
Polearms       | |  4.5
Throwing       | |  2.0

Action                   || total
-------------------------++-------
Melee: Trident           ||    71
Throw: Throwing net      ||     1
 Stab: Sleeping          ||     1
Armor: Leather armour    ||    24
       Plate armour      ||     2
Dodge: Dodged            ||    35

Table legend: (Time is in decaauts)
 A = Elapsed time spent in this place.
 B = Non-inter-level travel time spent in this place.
 C = Inter-level travel time spent in this place.
 D = Time resting spent in this place.
 E = Time spent auto-exploring this place.
 F = Levels seen in this place.
 G = Mean time per level.
                   A        B        C        D        E       F      G
               +--------+--------+--------+--------+--------+-----+--------+
         Total |   1524 |   1386 |    138 |      0 |   1184 |   2 |  762.0 |
       Dungeon |   1524 |   1386 |    138 |      0 |   1184 |   2 |  762.0 |
               +--------+--------+--------+--------+--------+-----+--------+

Top non-repeatable levels by time:
     D:1: 1374 daAuts
     D:2: 150 daAuts
